 Dungeon Crawl Stone Soup version 0.15.2 (webtiles) character file.

705 Huymann the Ducker (level 7, -2/56 HPs)
             Began as a Purple Draconian Conjurer on Feb 11, 2015.
             Was an Initiate of Okawaru.
             Slain by an orc warrior
             ... wielding a +0 hand axe
              (8 damage)
             ... on Level 6 of the Dungeon.
             The game lasted 00:48:27 (7897 turns).

Huymann the Ducker (Purple Draconian Conjurer)      Turns: 7897, Time: 00:48:27

HP  -2/56        AC  8     Str 10      XL: 7   Next: 39%
MP   5/15        EV 13     Int 17      God: Okawaru [......]
Gold 251         SH  0     Dex 12      Spells:  5 memorised,  0 levels left

rFire  . . .     SeeInvis .       - Unarmed
rCold  . . .     Clarity  .     (armour unavailable)
rNeg   . . .     rCorr    .     (no shield)
rPois  .         rRot     .     (helmet restricted)
rElec  .         Spirit   .     (no cloak)
SustAb .         Warding  .     (no gloves)
rMut   .         Stasis   .     n - +1 pair of boots
Gourm  +                        h - amulet of the gourmand
MR     +....                    (no ring)
                                (no ring)

@: very slightly contaminated, somewhat resistant to hostile enchantments,
unstealthy
A: breathe power, unfitting armour, cold-blooded, AC +6
a: Breathe Dispelling Energy, Renounce Religion


You were on level 6 of the Dungeon.
You worshipped Okawaru.
Okawaru was noncommittal.
You were very full.

You visited 1 branch of the dungeon, and saw 6 of its levels.

You collected 251 gold pieces.

Inventory:

Hand weapons
 a - a +0 club
 i - a +0 dagger
 j - a +0 spear
 v - a +0 blowgun
Missiles
 u - 3 poisoned needles
Armour
 n - a +1 pair of boots (worn)
 r - a +0 buckler
Magical devices
 q - a wand of slowing (3)
Comestibles
 b - 2 bread rations
 g - a meat ration
 l - a slice of pizza
Scrolls
 m - 2 scrolls of magic mapping
 p - a scroll of teleportation
 t - 2 scrolls of recharging
 x - 2 scrolls of remove curse
 y - a scroll of identify
Jewellery
 h - an amulet of the gourmand (around neck)
 s - a cursed ring of teleportation
Potions
 d - 3 potions of curing
 f - a potion of restore abilities
 z - a potion of degeneration {unknown}
Books
 c - a book of Conjurations

   Spells                             Type                      Level
   *Magic Dart                        Conjuration                  1
   Searing Ray                        Conjuration                  2
   *Dazzling Spray                    Conjuration/Hexes            3
   *Fulminant Prism                   Conjuration/Hexes            4
   Iskenderun's Mystic Blast          Conjuration                  4
   Iskenderun's Battlesphere          Conjuration/Charms           5
 o - a book of Hinderance

   Spells                             Type                      Level
   *Confusing Touch                   Hexes                        2
   *Confuse                           Hexes                        3
   Petrify                            Transmutation/Earth          4
   Leda's Liquefaction                Hexes/Earth                  4
   Metabolic Englaciation             Hexes/Ice                    5
   Summon Mana Viper                  Hexes/Summoning              5
Magical staves
 k - an uncursed staff of air


   Skills:
 * Level 2.5 Fighting
 + Level 0.4 Short Blades
 + Level 0.6(1.4) Polearms
 * Level 2.0(2.1) Staves
 * Level 4.3 Dodging
 * Level 2.7 Stealth
 * Level 2.0 Shields
 * Level 1.8 Unarmed Combat
 * Level 3.8 Spellcasting
 * Level 4.3 Conjurations
 * Level 1.9 Hexes
 * Level 1.2 Evocations


You couldn't memorise any spells.
You knew the following spells:

 Your Spells              Type           Power        Failure   Level  Hunger
a - Magic Dart            Conj           ###.         2%          1    None
b - Confusing Touch       Hex            #.....       14%         2    ##.....
c - Dazzling Spray        Conj/Hex       ##......     14%         3    ###....
d - Fulminant Prism       Conj/Hex       ##........   45%         4    ####...
e - Confuse               Hex            #.......     24%         3    ###....


Dungeon Overview and Level Annotations

Branches:
Dungeon (6/15)
 Temple: D:4-7

Altars:
Cheibriados
Makhleb
Okawaru
Yredelemnul
Zin


Innate Abilities, Weirdness & Mutations

You can breathe bolts of energy.
You can dispel enchantments when you breathe energy.
Your rich purple scales are hard (AC +6).
Your body does not fit into most forms of armour.
Your cold-blooded metabolism reacts poorly to cold.


Message History

You hit the orc warrior but do no damage.
The orc warrior is heavily wounded.
The orc warrior seems less confused.
The orc warrior hits you with a hand axe!
* * * LOW HITPOINT WARNING * * *
Casting: Confusing Touch
Confirm with . or Enter, or press ? or * to list all spells.
You miscast Confusing Touch.
You are very lightly contaminated with residual magic.
Your skin tingles.
The orc warrior is no longer moving slowly.
An orc comes into view.
Casting: Confusing Touch
Confirm with . or Enter, or press ? or * to list all spells.
Aiming: Dazzling Spray
Press: ? - help, Shift-Dir - straight line, f/p - orc warrior
Aim: an orc warrior, wielding a hand axe, wearing a plate armour and wearing a shield (heavily wounded)
The orc warrior blocks the spray of energy.
The orc warrior hits you with a hand axe!
You die...

.........#######
.....##...##...##
.....#..........##
###..............######
###............<)...##
#..................#
######.......o.........#
.......................#
###############.@......#
#.o......# ##......##
########


You could see an orc warrior and an orc.

Vanquished Creatures
  2 ogres (D:5)
  2 phantoms
  A human zombie (D:6)
  4 hounds
  2 worker ants (D:5)
  6 adders
  4 gnolls (D:6)
  An orc zombie (D:6)
  3 worms
  A giant gecko (D:1)
  An ooze (D:4)
  3 orcs
  2 ball pythons
  10 bats
  3 bat skeletons
  4 giant cockroaches
  8 hobgoblins
  4 jackals (D:6)
  12 kobolds
  2 quokkas (D:3)
  6 giant newts
  9 goblins
  A hobgoblin skeleton (D:5)
  A jackal skeleton (D:5)
  An orc skeleton (D:4)
  10 rats
103 creatures vanquished.

Notes
Turn   | Place    | Note
--------------------------------------------------------------
     0 | D:1      | Huymann, the Draconian Conjurer, began the quest for the Orb.
     0 | D:1      | Reached XP level 1. HP: 14/14 MP: 3/3
   829 | D:1      | Reached XP level 2. HP: 15/20 MP: 4/4
  1750 | D:2      | Reached skill level 1 in Fighting
  1750 | D:2      | Reached XP level 3. HP: 12/28 MP: 0/6
  2143 | D:2      | Found a burning altar of Makhleb.
  2143 | D:2      | Noticed a green death
  2147 | D:2      | Noticed a neqoxec
  2147 | D:2      | Noticed a neqoxec
  2446 | D:2      | Learned a level 2 spell: Confusing Touch
  2450 | D:2      | Learned a level 3 spell: Dazzling Spray
  2823 | D:3      | Reached XP level 4. HP: 27/35 MP: 8/8
  2900 | D:3      | Found a snail-covered altar of Cheibriados.
  2992 | D:3      | Found an iron altar of Okawaru.
  2999 | D:3      | Became a worshipper of Warmaster Okawaru
  3853 | D:4      | Found a glowing silver altar of Zin.
  3864 | D:4      | Noticed a phantom
  3903 | D:4      | Killed a phantom
  3903 | D:4      | Reached skill level 1 in Unarmed Combat
  3903 | D:4      | Reached XP level 5. HP: 19/40 MP: 0/9
  4127 | D:4      | Reached skill level 1 in Shields
  4659 | D:5      | Entered Level 5 of the Dungeon
  4800 | D:5      | Reached skill level 1 in Hexes
  5047 | D:5      | Reached XP level 6. HP: 27/47 MP: 3/11
  5418 | D:5      | Noticed an ogre
  5631 | D:5      | Killed an ogre
  5631 | D:5      | Reached skill level 1 in Staves
  6429 | D:5      | Your scales start taking on a rich purple colour.
  6429 | D:5      | Reached XP level 7. HP: 56/56 MP: 15/15
  6520 | D:5      | Noticed an ogre
  6549 | D:5      | Killed an ogre
  7095 | D:6      | Noticed a human
  7383 | D:6      | Learned a level 4 spell: Fulminant Prism
  7387 | D:6      | Learned a level 3 spell: Confuse
  7407 | D:6      | Found a basalt altar of Yredelemnul.
  7773 | D:6      | Reached skill level 1 in Evocations
  7897 | D:6      | Slain by an orc warrior

Action                   |  1- 3 |  4- 6 |  7- 9 || total
-------------------------+-------+-------+-------++-------
Melee: Unarmed           |   131 |   315 |   134 ||   580
       Spear             |     6 |       |       ||     6
       Dagger            |    30 |    48 |     7 ||    85
Throw: Throwing net      |     2 |       |     3 ||     5
 Cast: Magic Dart        |    38 |    60 |       ||    98
       Confusing Touch   |       |    12 |     8 ||    20
       Dazzling Spray    |       |       |    11 ||    11
       Confuse           |       |       |     1 ||     1
 Abil: Breathe Dispellin |       |       |     6 ||     6
Evoke: Wand              |       |     8 |     4 ||    12
  Use: Scroll            |     6 |     6 |     1 ||    13
       Potion            |       |     7 |     1 ||     8
 Stab: Sleeping          |     1 |     3 |     2 ||     6
       Confused          |       |     7 |     3 ||    10
       Invisible         |       |     1 |     2 ||     3
  Eat: Chunk             |     9 |    18 |     9 ||    36
